 Dungeon Crawl Stone Soup version 0.26.1-2-gb8aa6d0cf2 (webtiles) character file.

Game seed: 5854360401632188455

29782 Chiseanne the Fighter (level 13, -8/160 HPs)
             Began as a Demonspawn Wanderer on Mar 2, 2021.
             Was an Initiate of Gozag.
             Mangled by Rupert
             ... wielding a +3 triple sword of holy wrath
              (14 damage)
             ... on level 13 of the Dungeon.
             The game lasted 00:28:53 (12461 turns).

Chiseanne the Fighter (Demonspawn Wanderer)        Turns: 12461, Time: 00:28:54

Health: -8/160     AC: 31    Str: 20 (21) XL:     13   Next: 17%
Magic:  0/35       EV: 13    Int: 16      God:    Gozag
Gold:   3040       SH:  0    Dex: 14 (15) Spells: 30/30 levels left

rFire    + + .     SeeInvis .   a - +9 quarterstaff of the Three Mouths {protect, rF+ MP+9 Int+2}
rCold    + . .     Faith    .   (shield currently unavailable)
rNeg     . . .     Spirit   +   f - +0 chain mail
rPois    +         Reflect  .   C - +2 hat {Will+}
rElec    +         Harm     .   e - +1 cloak
rCorr    .         Rampage  .   o - +1 pair of gloves
Will     ++...                  w - +0 pair of boots
Stlth    ..........             v - amulet of regeneration
HPRegen  0.76/turn              H - ring of Divine Compulsion {*Contam +Blink rPois rC+ Str+4}
MPRegen  0.48/turn              p - ring of willpower

@: berserking (expiring), marked, protection aura, hasted, very quick
A: horns 2, thin metallic scales 3, deterioration 1, fire resistance 1, powered
by death 2, strong 1, magic shield, magic regeneration
a: Renounce Religion, Evoke Blink, Potion Petition, Call Merchant, Bribe Branch


You were on level 13 of the Dungeon.
You worshipped Gozag.
Gozag was most pleased with you.
You visited 1 branch of the dungeon, and saw 13 of its levels.

You collected 4629 gold pieces.
You spent 994 gold pieces at shops.
You paid 595 gold pieces to Gozag.

Inventory:

Hand Weapons
 a - the +9 quarterstaff of the Three Mouths (weapon) {protect, rF+ MP+9 Int+2}
   (You bought it in a shop on level 7 of the Dungeon)

   It grants its wielder temporary protection when it strikes (+7 to AC).
   It affects your intelligence (+2).
   It protects you from fire.
   It affects your magic capacity (+9).
 d - the +2 war axe of the Distant Future {drain, rC+ SInv}
   (You found it on level 7 of the Dungeon)

   A truly terrible weapon, it drains the life of those it strikes.
   It protects you from cold.
   It lets you see invisible.
 s - a +3 broad axe of venom
 K - a +8 short sword
 L - a cursed +5 scimitar
Missiles
 h - 256 arrows
 i - 21 sling bullets
 q - 203 bolts
 u - 10 boomerangs
 x - 15 poisoned darts (quivered)
 z - 4 throwing nets
 B - 4 silver boomerangs
Armour
 e - a +1 cloak (worn)
 f - a +0 chain mail (worn)
 o - a +1 pair of gloves (worn)
 w - a +0 pair of boots (worn)
 C - a +2 hat of willpower (worn)
 I - a +2 robe of cold resistance
Magical Staves
 n - an uncursed staff of death {unknown}
Jewellery
 j - an uncursed ring of magical power {unknown}
 p - a ring of willpower (right hand)
 v - an amulet of regeneration (around neck)
 G - an uncursed ring of ice
 H - the ring of Divine Compulsion (left hand) {*Contam +Blink rPois rC+ Str+4}
   (You found it on level 8 of the Dungeon)

   [ring of poison resistance]

   It affects your strength (+4).
   It protects you from cold.
   It protects you from poison.
   It lets you blink.
   It causes magical contamination when unequipped.
Wands
 t - a wand of acid (9)
 y - a wand of iceblast (15)
 A - a wand of random effects (15)
 J - a wand of flame (11)
 O - a wand of polymorph (4)
Scrolls
 g - 3 scrolls of remove curse
 k - 6 scrolls of identify
 m - 4 scrolls of immolation
 r - 4 scrolls of teleportation
 F - a scroll of fear
Potions
 b - a potion of brilliance
 c - 4 potions of lignification
 l - 4 potions of heal wounds
 E - 6 potions of curing
Miscellaneous
 N - a lightning rod (4/4)


   Skills:
 * Level 11.7 Fighting
 - Level 4.5 Polearms
 - Level 1.0 Throwing
 * Level 10.7 Armour
 * Level 10.7 Dodging
 - Level 1.7 Stealth
 * Level 9.4 Spellcasting


You had 30 spell levels left.
You didn't know any spells.
Your spell library contained the following spells:

 Spells                   Type           Power        Failure   Level
 Animate Skeleton         Necr           14%          54%         1
 Apportation              Tloc           14%          54%         1
 Beastly Appendage        Tmut           14%          54%         1
 Corona                   Hex            7%           54%         1
 Sandblast                Erth           14%          54%         1
 Shock                    Conj/Air       28%          54%         1
 Summon Small Mammal      Summ           28%          54%         1
 Corpse Rot               Necr/Air       N/A          69%         2
 Passwall                 Tmut/Erth      5%           69%         2
 Slow                     Hex            7%           69%         2
 Swiftness                Air            7%           69%         2
 Wereblood                Tmut           7%           69%         2
 Inner Flame              Hex/Fire       7%           89%         3
 Portal Projectile        Hex/Tloc       14%          89%         3
 Spider Form              Tmut/Pois      3%           89%         3
 Static Discharge         Conj/Air       7%           89%         3
 Stone Arrow              Conj/Erth      14%          89%         3
 Airstrike                Air            3%           100%        4
 Animate Dead             Necr           3%           100%        4
 Cause Fear               Hex            3%           100%        4
 Ice Form                 Ice/Tmut       7%           100%        4
 Leda's Liquefaction      Hex/Erth       3%           100%        4
 Petrify                  Tmut/Erth      7%           100%        4
 Blade Hands              Tmut           3%           100%        5
 Lee's Rapid Deconstruct  Erth           3%           100%        5
 Lightning Bolt           Conj/Air       3%           100%        5


Dungeon Overview and Level Annotations

Branches:
Dungeon (13/15)            Temple (0/1) D:5            Lair (0/6) D:10
    Orc (0/2) D:11
 Vaults: D:13-14

Altars:
Ashenzari
Elyvilon
Gozag
Kikubaaqudgha
Nemelex Xobeh
Okawaru
Qazlal
Sif Muna
Uskayaw
Vehumet
Xom
Yredelemnul
Zin
The Shining One
Lugonu

Shops:
D:7 (!

Annotations:
D:12 2 runed translucent doors
D:13 Rupert


Innate Abilities, Weirdness & Mutations

You have a pair of horns on your head.
You are completely covered in thin metallic scales. (AC +4, rElec)
You regenerate health from kills.
When hurt, damage is shared between your health and your magic reserves.
You regenerate magic rapidly.
Your body sometimes deteriorates upon taking damage.
Your flesh is heat resistant. (rF+)
Your muscles are strong. (Str +2)


Message History

Rupert is severely wounded.
Rupert hits you with a +3 triple sword of holy wrath!!
Your body deteriorates!
You feel clumsy.
You convulse!!!
The cane toad stings you!
* * * LOW HITPOINT WARNING * * *
You bludgeon Rupert!!
Rupert is severely wounded.
Rupert hits you with a +3 triple sword of holy wrath!!
* * * LOW HITPOINT WARNING * * *
You convulse.
* * * LOW HITPOINT WARNING * * *
The cane toad closely misses you.
You hit Rupert.
Rupert is severely wounded.
Rupert hits you with a +3 triple sword of holy wrath!!
* * * LOW HITPOINT WARNING * * *
Your body deteriorates!
You feel weakened.
You convulse!
You die...
Your body crumbles into a pile of gold.

## .# $ $ #. . #$#. #./. #..#
#Ch###.# #.F$...# #@# ......
#@# .....#####p# $
......F.FQ####### .>
....####p#.....# ...
...####p#.###.########## #..
#..##.yyy)..............
.#...#..##.#pp..##.#########.
?....F..##.#....##.# ##


You could see Rupert (berserk), a tengu warrior, a cyclops, a cane toad shaped
shifter, 5 humans, 3 meliai, a bullfrog and a howler monkey.

Vanquished Creatures
  Gastronok (D:12)
  A very ugly thing (D:12)
  Fannar (D:10)
  An ice dragon (D:12)
  A hydra (D:12)
  A boulder beetle (D:12)
  A centaur warrior (D:12)
  2 two-headed ogres
  A deep troll earth mage (D:12)
  2 unseen horrors
  A wolf spider (D:12)
  2 manticores
  A cyclops (D:11)
  An ugly thing (D:12)
  A gargoyle (D:12)
  A kobold demonologist (D:11)
  A tengu conjurer (D:12)
  2 ice devils (D:12)
  3 trolls
  Grinder (D:4)
  3 slime creatures (D:12)
  A shadow (D:12)
  A wyvern (D:11)
  17 yaks
  2 water elementals (D:12)
  4 humans
  A steam dragon (D:8)
  4 vampire mosquitoes (D:12)
  Menkaure (D:5)
  2 soldier ants
  5 wargs
  A water moccasin (D:4)
  10 orc warriors
  4 ice beasts
  4 sky beasts
  A hornet zombie (D:13)
  2 black bears (D:9)
  3 phantoms
  13 ogres
  A boggart (D:12)
  7 centaurs
  22 big kobolds
  12 bullfrogs
  9 scorpions
  A water moccasin skeleton (D:9)
  14 killer bees
  18 wights
  5 electric eels (D:12)
  A bullfrog zombie (D:3)
  A quasit (D:11)
  3 jellies
  2 centaur zombies
  6 hounds
  7 orc priests
  24 orc wizards
  2 bullfrog skeletons
  2 centaur skeletons
  4 iguanas
  9 worker ants
  2 hound zombies
  A hound skeleton (D:5)
  11 gnolls
  3 worker ant zombies
  A howler monkey skeleton (D:5)
  20 adders
  2 shadow imps
  2 white imps
  4 ufetubi
  An adder skeleton (D:4)
  A worm (D:3)
  A dart slug (D:1)
  4 leopard geckos
  65 orcs
  7 bats
  3 giant cockroaches
  2 gnoll zombies (D:4)
  6 goblins
  13 hobgoblins
  3 jackals (D:3)
  4 quokkas
  2 ball pythons (D:3)
  7 frilled lizards
  15 kobolds
  2 leopard gecko zombies (D:5)
  4 rats
441 creatures vanquished.

Vanquished Creatures (others)
  12 plants
12 creatures vanquished.

Grand Total: 453 creatures vanquished

Notes
Turn   | Place    | Note
-------+----------+-------------------------------------------
     0 | D:1      | Chiseanne the Demonspawn Wanderer began the quest for the
                  | Orb.
     0 | D:1      | Chiseanne set off with the following items: a +2 spear, a
                  | potion of curing, a potion of lignification, a +0 robe, a
                  | +0 dagger
     0 | D:1      | Reached XP level 1. HP: 16/16 MP: 1/1
     6 | D:1      | Noticed a swamp worm
     6 | D:1      | Noticed a black bear
     7 | D:1      | Noticed an anaconda
   636 | D:1      | Gained mutation: You are partially covered in thin metallic
                  | scales. (AC +2) [demonic ancestry]
   636 | D:1      | Reached XP level 2. HP: 23/23 MP: 2/2
   893 | D:2      | Reached skill level 1 in Dodging
   946 | D:2      | Reached skill level 1 in Armour
   970 | D:2      | Gained mutation: You regenerate a little health from kills.
                  | [demonic ancestry]
   970 | D:2      | Reached XP level 3. HP: 14/28 MP: 3/3
  1417 | D:2      | Found a glowing golden altar of the Shining One.
  1643 | D:2      | Reached skill level 3 in Fighting
  1688 | D:2      | Reached XP level 4. HP: 35/35 MP: 4/4
  1883 | D:2      | Found an opulent altar of Gozag.
  2059 | D:2      | Gained mutation: You are mostly covered in thin metallic
                  | scales. (AC +3) [demonic ancestry]
  2059 | D:2      | Reached XP level 5. HP: 37/41 MP: 5/5
  2272 | D:3      | Found a sparkling altar of Nemelex Xobeh.
  2550 | D:3      | Reached skill level 4 in Fighting
  2550 | D:3      | Gained mutation: You regenerate health from kills. [demonic
                  | ancestry]
  2550 | D:3      | Reached XP level 6. HP: 47/48 MP: 6/6
  2713 | D:2      | Became a worshipper of Gozag Ym Sagoz the Greedy
  2859 | D:4      | Noticed Grinder
  2896 | D:4      | Killed Grinder
  2897 | D:4      | Gained mutation: When hurt, damage is shared between your
                  | health and your magic reserves. [demonic ancestry]
  2897 | D:4      | Reached XP level 7. HP: 29/55 MP: 4/7
  3160 | D:4      | Reached skill level 5 in Fighting
  4054 | D:4      | Gained mutation: You have a pair of small horns on your
                  | head. [demonic ancestry]
  4054 | D:4      | Reached XP level 8. HP: 63/63 MP: 8/8
  4390 | D:4      | Found a basalt altar of Yredelemnul.
  4431 | D:5      | Entered Level 5 of the Dungeon
  4517 | D:5      | Found a staircase to the Ecumenical Temple.
  4564 | D:5      | Reached skill level 5 in Dodging
  4574 | D:5      | Reached skill level 5 in Armour
  4616 | D:5      | Found a broken altar of Ashenzari.
  4646 | D:5      | Reached skill level 6 in Fighting
  4946 | D:5      | Noticed Menkaure
  4960 | D:5      | Killed Menkaure
  4961 | D:5      | Reached skill level 1 in Spellcasting
  5552 | D:6      | Found a glowing silver altar of Zin.
  5566 | D:6      | Gained mutation: You regenerate magic rapidly. [demonic
                  | ancestry]
  5566 | D:6      | Reached XP level 9. HP: 66/70 MP: 12/12
  5925 | D:6      | Reached skill level 7 in Fighting
  5999 | D:6      | Found a shimmering blue altar of Sif Muna.
  6014 | D:6      | Found an ancient bone altar of Kikubaaqudgha.
  6026 | D:6      | Found a radiant altar of Vehumet.
  6374 | D:7      | Bought a transparent quarterstaff for 252 gold pieces
  6375 | D:7      | Identified the +9 quarterstaff of the Three Mouths
                  | {protect, rF+ MP+9 Int+2} (You bought it in a shop on level
                  | 7 of the Dungeon)
  6460 | D:7      | Got a translucent war axe
  6602 | D:7      | Found a shimmering altar of Xom.
  6615 | D:7      | Found a white marble altar of Elyvilon.
  7075 | D:7      | Found Odoxta's Distillery.
  7080 | D:7      | Bought a potion of haste for 140 gold pieces
  7080 | D:7      | Bought a potion of might for 56 gold pieces
  7080 | D:7      | Bought a potion of heal wounds for 70 gold pieces
  7080 | D:7      | Bought a potion of curing for 42 gold pieces
  7415 | D:8      | Reached skill level 8 in Fighting
  7426 | D:8      | Gained mutation: You are completely covered in thin
                  | metallic scales. (AC +4, rElec) [demonic ancestry]
  7426 | D:8      | Reached XP level 10. HP: 46/80 MP: 16/16
  7533 | D:8      | Identified the +2 war axe of the Distant Future {drain, rC+
                  | SInv} (You found it on level 7 of the Dungeon)
  7612 | D:8      | Found a stormy altar of Qazlal.
  7752 | D:8      | Reached skill level 5 in Spellcasting
  8027 | D:8      | Got a wavering marble ring
  8272 | D:7      | Bought an ancient hand crossbow for 238 gold pieces
  8272 | D:7      | Bought a runed broad axe for 196 gold pieces
  8274 | D:7      | Identified the cursed +1 hand crossbow of Reinforcement
                  | {elec, *Contam Dex+6 SInv} (You bought it in a shop on
                  | level 7 of the Dungeon)
  8291 | D:7      | Gained mutation: Your body sometimes deteriorates upon
                  | taking damage. [mutagenic glow]
  8419 | D:9      | Found a white marble altar of Elyvilon.
  8489 | D:9      | Identified the ring of Divine Compulsion {*Contam +Blink
                  | rPois rC+ Str+4} (You found it on level 8 of the Dungeon)
  8584 | D:9      | Reached skill level 9 in Fighting
  8634 | D:9      | Noticed a two-headed ogre
  8656 | D:9      | Killed a two-headed ogre
  8784 | D:9      | Reached XP level 11. HP: 89/89 MP: 20/20
  9031 | D:10     | Entered Level 10 of the Dungeon
  9161 | D:10     | Killed an unseen horror
  9240 | D:10     | Noticed Fannar
  9263 | D:10     | Killed Fannar
  9367 | D:10     | Found a staircase to the Lair.
  9377 | D:10     | Found an iron altar of Okawaru.
  9721 | D:10     | Reached skill level 10 in Fighting
  9873 | D:11     | Identified a scroll of acquirement
  9873 | D:11     | Acquired 842 gold pieces
  9959 | D:11     | Found a staircase to the Orcish Mines.
 10069 | D:11     | Found a hide-covered altar of Uskayaw.
 10497 | D:11     | Reached XP level 12. HP: 98/98 MP: 23/23
 10952 | D:12     | Noticed an eight-headed hydra
 10956 | D:12     | Killed an eight-headed hydra
 11002 | D:12     | Found a runed translucent door.
 11002 | D:12     | Noticed a centaur warrior
 11013 | D:12     | Killed a centaur warrior
 11035 | D:12     | Noticed a red very ugly thing
 11035 | D:12     | Noticed a deep troll earth mage
 11035 | D:12     | Noticed an ice dragon
 11036 | D:12     | Found a runed translucent door.
 11037 | D:12     | Noticed an ogre mage
 11118 | D:12     | Noticed a two-headed ogre
 11134 | D:12     | Killed a two-headed ogre
 11146 | D:12     | Killed a deep troll earth mage
 11147 | D:12     | Reached skill level 11 in Fighting
 11147 | D:12     | Reached skill level 10 in Armour
 11147 | D:12     | Reached skill level 10 in Dodging
 11245 | D:12     | Noticed Gastronok
 11265 | D:12     | Killed Gastronok
 11278 | D:12     | Killed an ice dragon
 11363 | D:12     | Noticed a boulder beetle
 11387 | D:12     | Killed a boulder beetle
 11513 | D:12     | Lost mutation: Your body sometimes deteriorates upon taking
                  | damage. [potion of mutation]
 11513 | D:12     | Gained mutation: You have large cloven feet. [potion of
                  | mutation]
 11513 | D:12     | Gained mutation: You are strong-willed. (Will+) [potion of
                  | mutation]
 11513 | D:12     | Gained mutation: You evolve. [potion of mutation]
 11513 | D:12     | Gained mutation: Your spells are a little harder to cast,
                  | but a little more powerful. [potion of mutation]
 11514 | D:12     | Lost mutation: You have large cloven feet. [potion of
                  | mutation]
 11514 | D:12     | Lost mutation: Your spells are a little harder to cast, but
                  | a little more powerful. [potion of mutation]
 11514 | D:12     | Lost mutation: You are strong-willed. (Will+) [potion of
                  | mutation]
 11514 | D:12     | Lost mutation: You evolve. [potion of mutation]
 11514 | D:12     | Gained mutation: You are occasionally teleported next to
                  | monsters. [potion of mutation]
 11514 | D:12     | Gained mutation: You are frail. (-10% HP) [potion of
                  | mutation]
 11514 | D:12     | Lost mutation: You are occasionally teleported next to
                  | monsters. [potion of mutation]
 11514 | D:12     | Gained mutation: Your mind is acute. (Int +2) [potion of
                  | mutation]
 11515 | D:12     | Lost mutation: You are frail. (-10% HP) [potion of
                  | mutation]
 11515 | D:12     | Lost mutation: Your mind is acute. (Int +2) [potion of
                  | mutation]
 11515 | D:12     | Gained mutation: Your flesh is heat resistant. (rF+)
                  | [potion of mutation]
 11515 | D:12     | Gained mutation: Your body sometimes deteriorates upon
                  | taking damage. [potion of mutation]
 11515 | D:12     | Gained mutation: Your muscles are strong. (Str +2) [potion
                  | of mutation]
 11703 | D:12     | Gained mutation: You have a pair of horns on your head.
                  | [demonic ancestry]
 11703 | D:12     | Reached XP level 13. HP: 104/106 MP: 26/26
 12002 | D:12     | Killed a purple very ugly thing
 12056 | D:12     | Identified the +3 great sword of Disembowelment {holy,
                  | Str+3 Dex+7}
 12056 | D:12     | Identified the ring of Erphass {rPois Dex+6}
 12056 | D:12     | Noticed a shadow dragon
 12311 | D:12     | Noticed an ettin
 12311 | D:12     | a satyr changed into an ettin
 12312 | D:12     | an ettin changed into a queen ant
 12372 | D:13     | Found a corrupted altar of Lugonu.
 12382 | D:13     | Identified Lugonu's Incunabulum of Black Arts
 12430 | D:13     | Noticed Rupert
 12461 | D:13     | HP: 6/160 [Rupert/+3 triple sword of holy wrath (25)]
 12461 | D:13     | Mangled by Rupert

Illustrated notes

Levels and vault maps discovered:
D:1:      onia_arrival_zoo_common, layout_basic
D:2:      cheibrodos_old_hovel, layout_loops_cross, general_overflow_altar,
          tso_altar
D:3:      cheibrodos_thug_alley, layout_basic, lemuel_doored_altar,
          minmay_mini_jars
D:4:      layout_basic, lemuel_zombie_altar_yredelemnul, uniq_grinder
D:5:      layout_rooms, old_standard_altar, minmay_temple_entry_offerings,
          grunt_ministairs_2, uniq_menkaure
D:6:      layout_rooms, palyth_temple_overflow_mages, basic_altar,
          minmay_chambers_of_fives
D:7:      layout_basic, amethyst_overflow_temple_binary, serial_shops,
          kennysheep_little_box, nrook_campfire
D:8:      layout_loops_ring, basic_altar, minmay_increasing_density
D:9:      layout_basic, serial_bayou_ford_a, elyvilon_altar_3
D:10:     layout_cave_pools, erik_lair_orcish_takeover, minivault_16,
          okawaru_humans, uniq_fannar
D:11:     layout_roguey [special_room_kobold], minmay_orc_entry_guard_dogs,
          lemuel_statue_altar
D:12:     minmay_expanding_circles, layout_basic, portal_ice_cave_demonic_guard,
          uniq_gastronok
D:13:     layout_loops_cross, david_vaults_3, tgw_lugonu_bribe

Skill      XL: |  1  2  3  4  5  6  7  8  9 10 11 12 |
---------------+-------------------------------------+-----
Dodging        | 1 2 3 4 5 7 8 9 10 | 10.7
Armour         | 1 2 3 4 5 7 8 9 10 | 10.7
Fighting       | 3 4 5 6 8 9 10 11 | 11.7
Spellcasting   | 2 4 6 7 9 |  9.4
Polearms       | |  4.5
Throwing       | |  1.0
Stealth        | |  1.7

Action                   |  1- 3 |  4- 6 |  7- 9 | 10-12 | 13-15 || total
-------------------------+-------+-------+-------+-------+-------++-------
Melee: Spear             |   115 |   193 |   295 |       |       ||   603
       Flail             |       |       |   133 |       |       ||   133
       Headbutt          |       |       |    69 |   178 |    35 ||   282
       Quarterstaff      |       |       |   128 |   906 |   101 ||  1135
Throw: Stone             |       |     8 |     6 |       |       ||    14
       Dart              |       |       |       |     6 |     5 ||    11
Invok: Call Merchant     |       |       |     1 |       |       ||     1
Evoke: Wand              |       |       |       |    36 |     2 ||    38
       Lightning rod     |       |       |       |     3 |       ||     3
  Use: Scroll            |     1 |    10 |    11 |     9 |       ||    31
       Potion            |       |     2 |     1 |     6 |     2 ||    11
 Stab: Distracted        |       |       |     2 |     7 |       ||     9
Armor: Chain mail        |    59 |   121 |   451 |   922 |    54 ||  1607
Dodge: Dodged            |    13 |    64 |   290 |   844 |    59 ||  1270
